 Dungeon Crawl Stone Soup version 0.30-a0-292-g0f741e3f8e (webtiles) character file.

Game seed: 14040135851480593226

563768 Zgarb the Lord of Darkness (level 26, -14/249 HPs)
             Began as a Naga Venom Mage on Oct 12, 2022.
             Was the Champion of Kikubaaqudgha.
             Killed from afar by a yellow draconian annihilator (23 damage)
             ... with a glob of acid
             ... on level 1 of the Realm of Zot on Oct 17, 2022.
             The game lasted 05:40:22 (54795 turns).

Zgarb the Lord of Darkness (Naga Venom Mage)       Turns: 54795, Time: 05:40:23

Health: -14/249    AC: 16    Str: 21    XL:     26   Next: 73%
Magic:  4/44       EV: 14    Int: 37    God:    Kikubaaqudgha [******]
Gold:   6061       SH: 13    Dex: 18    Spells: 7/59 levels left

rFire   + + .      SeeInvis +    b - staff of death
rCold   + + .      Faith    .    Q - +2 kite shield
rNeg    + + .      Spirit   .    H - +0 robe of Xowoahis {Regen+ Str+4}
rPois   +          Reflect  .    t - +1 helmet "Puegeten" {rElec Str+5 Int+3}
rElec   +          Harm     .    Z - +2 cloak {rC+}
rCorr   .          Rampage  +    s - +1 pair of gloves of Ylaureof {Rampage rN+ Int+2}
Will    ++++.                    d - +4 barding
Stlth   ++++......               O - amulet "Hieseisu" {RegenMP rC+ Dex+4}
HPRegen 1.41/turn                Y - ring "Ixtef" {rF++ Will+ Dex+2}
MPRegen 0.69/turn                R - +6 ring of intelligence

@: lethally poisoned (-14 -> -15), death channelling, corroded, animating dead,
studying 6 skills, very slow
A: AC +8, large, see invisible, deformed body, poison resistance, slowness 2,
spit poison 1, naga tail 2
}: 3/15 runes: decaying, silver, gossamer
a: Spit Poison, Renounce Religion, Unearth Wretches, Torment


You were on level 1 of the Realm of Zot.
You worshipped Kikubaaqudgha.
Kikubaaqudgha was exalted by your worship.
You visited 11 branches of the dungeon, and saw 47 of its levels.
You also visited: Ice Cave.

You collected 8226 gold pieces.
You spent 2165 gold pieces at shops.

Inventory:

Hand Weapons
 a - the +6 flail "Ynicrov" {vorpal, +Blink rPois Int+3}
   (You found it on level 4 of the Spider Nest)

   It inflicts extra damage upon your enemies.
   Int:       It affects your intelligence (+3).
   rPois:     It protects you from poison.
   +Blink:    It lets you blink.
Missiles
 W - 6 throwing nets
Armour
 d - a +4 barding (worn)
 s - the +1 pair of gloves of Ylaureof (worn) {Rampage rN+ Int+2}
   (You found it on level 3 of the Swamp)

   Int:       It affects your intelligence (+2).
   rN:        It protects you from negative energy.
   Rampage:   It bestows one free step when moving towards enemies.
 t - the +1 helmet "Puegeten" (worn) {rElec Str+5 Int+3}
   (You bought it in a shop on level 2 of the Elven Halls)

   Str:       It affects your strength (+5).
   Int:       It affects your intelligence (+3).
   rElec:     It insulates you from electricity.
 H - the +0 robe of Xowoahis (worn) {Regen+ Str+4}
   (You bought it in a shop on level 2 of the Orcish Mines)

   Str:       It affects your strength (+4).
   Regen:     It increases your rate of health regeneration.
 Q - a +2 kite shield (worn)
 Z - a +2 cloak of cold resistance (worn)
Magical Staves
 b - a staff of death (weapon)
Jewellery
 q - a ring of protection from fire
 y - a ring of resist corrosion
 O - the amulet "Hieseisu" (around neck) {RegenMP rC+ Dex+4}
   (You found it in an ice cave)

   [amulet of magic regeneration]

   It increases your rate of magic regeneration.
   Dex:       It affects your dexterity (+4).
   rC:        It protects you from cold.
 R - a +6 ring of intelligence (right hand)
 V - a ring of protection from cold
 Y - the ring "Ixtef" (left hand) {rF++ Will+ Dex+2}
   (You found it on level 2 of the Orcish Mines)

   [ring of willpower]

   Dex:       It affects your dexterity (+2).
   rF:        It greatly protects you from fire.
   Will:      It increases your willpower.
Wands
 v - a wand of roots (50)
 G - a wand of paralysis (60)
 J - a wand of flame (86)
 P - a wand of digging (19)
 S - a wand of mindburst (35)
 T - a wand of quicksilver (23)
 U - a wand of polymorph (21)
Scrolls
 f - 7 scrolls of fear
 h - 11 scrolls of poison
 k - 9 scrolls of magic mapping
 o - a scroll of summoning
 r - 6 scrolls of silence
 u - 5 scrolls of torment
 x - 15 scrolls of blinking
 C - 10 scrolls of vulnerability
 F - 8 scrolls of butterflies
 I - 6 scrolls of enchant weapon
 K - 8 scrolls of immolation
 N - 24 scrolls of teleportation
Potions
 e - 9 potions of mutation
 g - 2 potions of flight
 i - 3 potions of heal wounds
 l - 2 potions of resistance
 m - 13 potions of attraction
 n - 14 potions of might
 p - 12 potions of haste
 w - 8 potions of berserk rage
 z - 7 potions of ambrosia
 A - 6 potions of cancellation
 B - 5 potions of magic
 D - 24 potions of curing
 L - 4 potions of brilliance
 M - 6 potions of invisibility
 X - 8 potions of lignification
Miscellaneous
 c - a condenser vane
 j - a phantom mirror
 E - a phial of floods


   Skills:
 - Level 17.0 Fighting
 + Level 11.3 Staves
 - Level 12.0 Dodging
 - Level 8.0 Stealth
 - Level 8.0 Shields
 + Level 17.3 Spellcasting
 - Level 4.0 Conjurations
 + Level 18.3 Summonings
 - Level 25.0 Necromancy
 - Level 1.0 Transmutations
 - Level 10.0 Ice Magic
 - Level 4.0 Air Magic
 - Level 8.0 Earth Magic
 - Level 8.0 Poison Magic
 - Level 15.0 Evocations


You had 7 spell levels left.
You knew the following spells:

 Your Spells              Type           Power      Damage    Failure   Level
a - Dispel Undead         Necr           100%       3d31      0%          4
b - Haunt                 Necr/Summ      69%        N/A       1%          7
c - Infestation           Necr           72%        N/A       1%          8
d - Olgreb's Toxic Radia  Pois           74%        N/A       1%          4
e - Swiftness             Air            57%        N/A       1%          3
f - Vampiric Draining     Necr           100%       2d13      0%          3
g - Animate Dead          Necr           100%       N/A       0%          4
h - Borgnjor's Vile Clut  Necr/Erth      62%        N/A       1%          5
i - Sublimation of Blood  Necr           100%       N/A       0%          2
j - Death Channel         Necr           72%        N/A       0%          6
k - Simulacrum            Ice/Necr       63%        N/A       1%          6

Your spell library contained the following spells:

 Spells                   Type           Power      Damage    Failure   Level
 Necrotise                Necr           100%       1d9       0%          1
 Summon Small Mammal      Summ           100%       N/A       0%          1
 Call Imp                 Summ           100%       N/A       0%          2
 Call Canine Familiar     Summ           100%       N/A       0%          3
 Agony                    Necr           100%       N/A       0%          5
 Apportation              Tloc           64%        N/A       1%          1
 Beastly Appendage        Tmut           78%        N/A       1%          1
 Foxfire                  Conj/Fire      100%       2x1d9     1%          1
 Magic Dart               Conj           100%       1d8       1%          1
 Sandblast                Erth           100%       2d20      1%          1
 Shock                    Conj/Air       100%       1d9       1%          1
 Sting                    Tmut/Pois      100%       1d8       1%          1
 Cigotuvi's Dreadful Rot  Necr/Pois/Air  100%       N/A       1%          2
 Momentum Strike          Conj/Tloc      92%        3d10      1%          2
 Passwall                 Tmut/Erth      50%        N/A       1%          2
 Poisonous Vapours        Pois/Air       100%       N/A       1%          2
 Static Discharge         Conj/Air       100%       2-7/arc   1%          2
 Frozen Ramparts          Ice            100%       1d16      1%          3
 Hailstorm                Conj/Ice       71%        3d15      1%          3
 Ignite Poison            Fire/Tmut/Pois 52%        N/A       1%          3
 Mephitic Cloud           Conj/Pois/Air  64%        N/A       1%          3
 Ozocubu's Armour         Ice            82%        N/A       1%          3
 Summon Guardian Golem    Hex/Summ       79%        N/A       1%          3
 Anguish                  Hex/Necr       56%        N/A       1%          4
 Animate Armour           Summ/Erth      100%       N/A       1%          4
 Ice Form                 Ice/Tmut       64%        N/A       1%          4
 Summon Ice Beast         Ice/Summ       95%        N/A       1%          4
 Summon Lightning Spire   Summ/Air       86%        N/A       1%          4
 Summon Mana Viper        Hex/Summ       79%        N/A       1%          5
 Monstrous Menagerie      Summ           53%        N/A       1%          7
 Vhi's Electric Charge    Tloc/Air       92%        N/A       2%          3
 Lee's Rapid Deconstruct  Erth           37%        3d18*     2%          5
 Blink                    Tloc           64%        N/A       3%          2
 Petrify                  Tmut/Erth      60%        N/A       3%          4
 Airstrike                Air            28%        2d(5-21)  4%          4
 Leda's Liquefaction      Hex/Erth       28%        N/A       4%          4
 Gell's Gravitas          Tloc           32%        N/A       6%          3
 Inner Flame              Hex/Fire       32%        N/A       6%          3
 Lesser Beckoning         Tloc           64%        N/A       6%          3
 Portal Projectile        Hex/Tloc       64%        N/A       6%          3
 Teleport Other           Tloc           32%        N/A       6%          3
 Tukima's Dance           Hex            32%        N/A       6%          3
 Metabolic Englaciation   Hex/Ice        31%        N/A       8%          5
 Alistair's Intoxication  Tmut/Pois      40%        N/A       9%          5
 Arcjolt                  Conj/Air       28%        1d38      11%         5
 Cause Fear               Hex            16%        N/A       21%         4
 Manifold Assault         Tloc           32%        N/A       21%         4
 Passage of Golubria      Tloc           32%        N/A       21%         4
 Irradiate                Conj/Tmut      25%        3d20      21%         5
 Fireball                 Conj/Fire      23%        3d11      26%         5
 Silence                  Hex/Air        23%        N/A       26%         5
 Iron Shot                Conj/Erth      33%        9d7       26%         6
 Ozocubu's Refrigeration  Ice            41%        4d16      28%         7
 Blade Hands              Tmut           19%        N/A       36%         5
 Yara's Violent Unravell  Hex/Tmut       17%        3d8       41%         5
 Eringya's Noxious Bog    Tmut/Pois      30%        N/A       43%         6
 Statue Form              Tmut/Erth      40%        N/A       43%         6
 Conjure Ball Lightning   Conj/Air       28%        3x3d8     52%         6
 Starburst                Conj/Fire      23%        6d8       80%         6
 Dispersal                Tloc           16%        N/A       97%         6
 Storm Form               Tmut/Air       25%        N/A       99%         7
 Dragon Form              Tmut           19%        N/A       100%        7
 Borgnjor's Revivificati  Necr           72%        N/A       1%          8
 Death's Door             Necr           72%        N/A       8%          9
 Necromutation            Tmut/Necr      56%        N/A       54%         8
 Dragon's Call            Summ           53%        N/A       73%         9
 Discord                  Hex            16%        N/A       100%        8
 Disjunction              Tloc           16%        N/A       100%        8
 Lehudib's Crystal Spear  Conj/Erth      33%        10d8      100%        8
 Maxwell's Capacitive Co  Air            28%        ∞         100%        8
 Chain Lightning          Conj/Air       28%        3d38      100%        9
 Fire Storm               Conj/Fire      23%        8d6       100%        9
 Shatter                  Erth           37%        3d29*     100%        9


Dungeon Overview and Level Annotations

Branches:
Dungeon (15/15)            Temple (1/1) D:4            Lair (5/5) D:9
  Swamp (4/4) Lair:3       Spider (4/4) Lair:3        Slime (0/5) Lair:4
    Orc (2/2) D:10            Elf (3/3) Orc:2        Vaults (5/5) D:14
  Crypt (3/3) Vaults:3       Tomb (0/3) Crypt:3      Depths (4/4) D:15
    Zot (1/5) Depths:4      IceCv (visited)

Altars:
Ashenzari
Cheibriados
Dithmenos
Elyvilon
Fedhas
Gozag
Hepliaklqana
Kikubaaqudgha
Makhleb
Nemelex Xobeh
Okawaru
Qazlal
Ru
Sif Muna
Trog
Uskayaw
Vehumet
Wu Jian
Xom
Yredelemnul
Zin
The Shining One

Shops:
D:12 *   D:13 :   D:14 (   Orc:2 [!=!:   Elf:1 (*   Elf:2 (**[[   Elf:3 *
Vaults:3 (   Depths:1 *(*

Portals:
Hell: Lair:5 Depths:1 Depths:2 Depths:3 Depths:4
Abyss: Depths:3 Depths:4
Pandemonium: Depths:2
Ziggurat: Depths:4

Annotations:
D:7 1 runed translucent door, Crazy Yiuf
Lair:1 exclusion: 2 oklob plants
Lair:2 3 runed translucent doors, Quaruhoi's ghost, journeyman TrGl
Elf:2 3 runed translucent doors
Elf:3 1 exclusion


Innate Abilities, Weirdness & Mutations

Your serpentine skin is tough. (AC +8)
You have supernaturally acute eyesight. (SInv)
Armour fits poorly on your strangely shaped body.
Your system is resistant to poisons. (rPois)
You cover ground very slowly.
You can spit poison.
You can use your snake-like lower body to constrict enemies.


Message History

You hit the black draconian knight but do no damage.
The black draconian knight writhes in agony!!
You kill the black draconian knight!
Kikubaaqudgha accepts your kill.
The dead are walking!
A glowing mist starts to gather...
The zombie hands constrict the red draconian scorcher!!
You kill the red draconian scorcher!
Kikubaaqudgha accepts your kill.
The zombie hands constrict the yellow draconian annihilator!
You feel sick.
The dead are walking!
A glowing mist starts to gather...
The yellow draconian annihilator gestures at you while chanting.
The crystal spear hits you!!
* * * LOW HITPOINT WARNING * * *
The yellow draconian annihilator hits your draconian annihilator zombie with a +0 dagger!
Unknown command.
You hit the yellow draconian annihilator but do no damage.
The yellow draconian annihilator writhes in agony!
The yellow draconian annihilator is heavily wounded.
The zombie hands constrict the yellow draconian annihilator!
You feel sick.
The yellow draconian annihilator mumbles some strange words.
The yellow draconian annihilator blinks!
The yellow draconian annihilator mumbles some strange words.
The yellow draconian annihilator struggles to blink free from constriction.
Unknown command.
You hit the yellow draconian annihilator but do no damage.
The yellow draconian annihilator writhes in agony.
The yellow draconian annihilator is severely wounded.
The zombie hands constrict the yellow draconian annihilator!
You feel sick.
Your spectral draconian knight hits the yellow draconian annihilator.
Your spectral draconian scorcher completely misses the yellow draconian annihilator.
The yellow draconian annihilator spits acid at you.
The glob of acid hits you!!
* * * LOW HITPOINT WARNING * * *
The acid corrodes you!
The yellow draconian annihilator spits acid at you.
The glob of acid hits you!!
You die...
Kikubaaqudgha rasps: "You have failed me!
Welcome... death!"

#..........###≈~~...
#=#....."..####≈~~~.
#.............##≈≈~#
#..##########.###≈##
##.#.... .qq# # ####
#.#)§..q...#
#.#Z##''##.# #.ZZ#
..:#.+ #.@)# ..:#
#Zq#q# '##
#..#Z.......
#..#....[...
#..######### #... ..
#... ... #### ###


You could see 2 draconians, a friendly spectral draconian knight, a friendly
spectral draconian scorcher, a friendly draconian annihilator zombie, a friendly
draconian knight zombie and a friendly draconian scorcher zombie.

Vanquished Creatures
  An ancient lich (Depths:3)
  Mara (Swamp:4)
  2 juggernauts
  Sojobo (Vaults:2)
  A royal mummy (Crypt:3)
  Vv (Depths:4)
  Saint Roka (Orc:2)
  2 golden dragons
  The ghost of Hagriufa the Eclecticist, a veteran VSSu of Ashenzari (Crypt:2)
  Mlioglotl (Swamp:1)
  A walking earthen tome (Depths:3)
  4 tentacled monstrosities
  2 walking crystal tomes
  A deep elf blademaster (Elf:3)
  3 liches
  A walking frostbound tome (Depths:3)
  3 quicksilver dragons
  5 ancient champions
  A titan (Depths:3)
  6 sphinxes
  A death cob (Zot:1)
  2 storm dragons
  Roxanne (Swamp:3)
  A thorn hunter (Swamp:3)
  4 revenants
  3 shadow dragons
  4 tengu reavers
  The ghost of Cejosky the Carver, an adept DjIE of Makhleb (Depths:4)
  A draconian knight (Zot:1)
  A draconian monk (Depths:4)
  10 deep elf sorcerers
  9 fire giants
  3 draconian scorchers (Zot:1)
  4 ghost moths
  Aizul (Depths:1)
  2 emperor scorpions
  6 vault wardens
  6 frost giants
  3 curse skulls
  2 draconian shifters (Zot:1)
  2 orc warlords
  11 very ugly things
  4 deep elf elementalists (Elf:3)
  2 draconian stormcallers (Zot:1)
  5 ghouls
  9 stone giants
  3 draconian annihilators (Zot:1)
  13 ironbound preservers
  8 green draconians
  5 ironbound thunderhulks
  A black draconian (Zot:1)
  An eleionoma (Swamp:4)
  6 war gargoyles
  13 vampire knights
  6 spark wasps
  A yellow draconian (Zot:1)
  6 deep elf annihilators
  5 dire elephants
  A minotaur (Orc:2)
  4 purple draconians
  4 deep elf demonologists
  A red draconian (Zot:1)
  7 eidola
  5 mummy priests (Crypt:3)
  8 deep elf death magi
  9 jiangshi
  A crystal guardian (Vaults:3)
  An entropy weaver (shapeshifter) (D:14)
  A merfolk javelineer (Depths:1)
  12 ettins
  2 entropy weavers
  A shambling mangrove (Swamp:4)
  4 fire dragons
  6 deep elf high priests
  6 yaktaur captains
  4 great orbs of eyes
  7 ice dragons
  Harold (Lair:1)
  3 rakshasas
  12 vault guards (Vaults:5)
  2 hell beasts (Depths:1)
  7 jorogumos
  7 spriggan air magi
  A spriggan skeleton (Crypt:1)
  9 hydras
  A catoblepas (Lair:5)
  2 ogre magi
  4 peacekeepers
  A ghost crab (Swamp:2)
  8 ironbound frosthearts
  4 radroaches
  6 boulder beetles
  9 centaur warriors
  4 alligators (Swamp:1)
  The ghost of Piki the Eclecticist, a journeyman GrFE of Sif Muna (Lair:4)
  A tengu warrior (D:14)
  4 deep troll shamans
  8 two-headed ogres
  10 vampire magi
  3 death yaks
  3 death knights
  16 dancing weapons
  An Orb Guardian skeleton (Crypt:1)
  4 deep troll earth magi
  5 spriggan berserkers
  9 hell knights
  An orc high priest (Orc:1)
  A storm dragon zombie (Crypt:3)
  5 soul eaters
  A titan skeleton (Crypt:1)
  10 deep elf knights
  2 sun demons
  A salamander mystic (Depths:3)
  An emperor scorpion zombie (Crypt:3)
  4 iron trolls
  8 orb spiders
  2 flayed ghosts
  A storm dragon skeleton (Crypt:1)
  An anaconda zombie (Crypt:3)
  19 skeletal warriors
  A pharaoh ant (Spider:3)
  2 goliath frogs
  14 bog bodies
  42 deep trolls
  4 lindwurms
  3 spriggan druids (Swamp:4)
  A death drake (Swamp:1)
  4 steelbarb worms
  8 deep elf archers
  3 swamp dragons
  3 orange crystal statues
  An iron giant skeleton (Crypt:2)
  A harpy (shapeshifter) (D:15)
  A goliath frog zombie (Crypt:2)
  12 ironbound convokers
  13 wizards
  A glowing orange brain (Depths:4)
  7 phantasmal warriors
  A spectral wolf spider (Spider:2)
  2 oklob plants (Swamp:4)
  An iron dragon zombie (Crypt:1)
  A mana viper (shapeshifter) (Vaults:5)
  6 orc knights
  13 wolf spiders
  12 necromancers
  2 cyclopes
  18 deep elf pyromancers
  2 shining eyes (shapeshifter)
  3 orc sorcerers
  29 ugly things
  A stone giant zombie (Crypt:3)
  21 deep elf zephyrmancers
  A fire giant zombie (Vaults:4)
  A frost giant zombie (Vaults:4)
  3 manticores
  2 salamanders
  A moth of wrath (shapeshifter) (Elf:3)
  2 centaur zombies (Crypt:1)
  12 vault sentinels
  A fire giant skeleton (Crypt:1)
  6 elephants
  5 moths of wrath
  A titan simulacrum (Vaults:4)
  An ice statue (IceCv)
  3 black mambas
  2 dire elephant skeletons (Crypt:1)
  A gargoyle (D:12)
  7 cane toads
  A torpor snail (Spider:2)
  2 orange demons (Lair:5)
  A stone giant skeleton (Vaults:4)
  A dire elephant zombie (Crypt:1)
  An elephant slug zombie (Crypt:1)
  2 human zombies
  An unseen horror (Depths:3)
  3 demonic crawlers
  5 rime drakes
  A komodo dragon (Lair:1)
  16 yaktaurs
  A yaktaur skeleton (Vaults:3)
  2 ice devils (Lair:5)
  A ghost moth simulacrum (Spider:2)
  10 freezing wraiths
  An efreet (D:13)
  A tengu conjurer (D:15)
  A green draconian skeleton (Crypt:3)
  11 polar bears
  2 hydra zombies
  31 guardian mummies (Crypt:3)
  2 harpy zombies
  A troll (shapeshifter) (D:15)
  8 trolls
  3 tyrant leeches
  A mana viper skeleton (Crypt:1)
  A tengu simulacrum (Vaults:5)
  2 human skeletons (Vaults:3)
  2 meliai
  6 hornets (Swamp:4)
  13 tarantellas
  Prince Ribbit (D:9)
  3 slime creatures
  A boulder beetle zombie (Crypt:3)
  4 blink frogs (Lair:2)
  11 jumping spiders
  A centaur simulacrum (D:15)
  7 culicivoras
  8 water elementals
  An air elemental (Elf:3)
  5 flying skulls (Crypt:3)
  5 spriggans
  6 wraiths
  12 humans (D:14)
  An ice dragon skeleton (Crypt:2)
  A shadow (D:12)
  A naga simulacrum (Crypt:1)
  7 ushabtiu (Crypt:3)
  Sigmund (D:2)
  Eustachio (D:5)
  53 yaks
  A chaos spawn (Depths:3)
  4 vampire mosquitoes
  A yaktaur simulacrum (Vaults:3)
  3 basilisks
  A black mamba skeleton (Crypt:1)
  3 fire elementals (Elf:2)
  A hog (Swamp:3)
  7 large abominations (Depths:3)
  A steam dragon (D:7)
  17 redbacks
  A glowing shapeshifter zombie (Vaults:3)
  2 wargs
  A harpy simulacrum (Crypt:1)
  A hell hound (Lair:5)
  4 small abominations (Depths:3)
  8 swamp worms
  2 acid dragons
  A naga zombie (Crypt:1)
  A cane toad zombie (Crypt:1)
  A water nymph skeleton (Crypt:2)
  9 water moccasins
  A deep troll skeleton (Crypt:3)
  15 orc warriors
  A swamp drake (Swamp:4)
  A black bear (shapeshifter) (Depths:3)
  2 sky beasts (D:7)
  11 ogres (Orc:2)
  3 ice beasts
  33 wolves
  7 boggarts
  An ettin simulacrum (Depths:1)
  A manticore zombie (Crypt:1)
  A hog zombie (Crypt:1)
  11 centaurs
  A phantom (D:5)
  4 kobold brigands
  8 bullfrogs
  8 necrophages
  2 gnoll sergeants (D:9)
  A scorpion (D:6)
  4 earth elementals
  A wyvern skeleton (Crypt:1)
  10 wights (D:8)
  18 killer bees
  A shapeshifter skeleton (Crypt:3)
  An electric eel (Spider:1)
  8 howler monkeys
  A human simulacrum (Vaults:3)
  4 jellies
  5 orc priests
  4 hounds
  A basilisk zombie (Crypt:3)
  3 iguanas
  11 orc wizards
  4 hell rats (Lair:3)
  An acid dragon zombie (Crypt:2)
  A deep dwarf zombie (Crypt:2)
  A deep dwarf skeleton (Crypt:3)
  4 mummies (Crypt:3)
  Robin (D:4)
  7 gnolls (D:9)
  7 adders
  A swamp drake zombie (Crypt:3)
  12 white imps
  A jelly zombie (Crypt:2)
  A lava snake zombie (Crypt:2)
  An iguana skeleton (Crypt:3)
  4 worms
  2 dart slugs
  35 orcs
  8 ball pythons
  7 bats
  A bat zombie (Crypt:3)
  7 endoplasms
  4 giant cockroaches
  13 hobgoblins
  4 jackals (D:2)
  2 quokkas (D:1)
  A frilled lizard (D:1)
  17 goblins
  29 kobolds
  6 rats
  A briar patch (Lair:4)
1475 creatures vanquished.

Vanquished Creatures (collateral kills)
  the Enchantress (Depths:3)
  3 golden dragons
  Zenata (Vaults:2)
  4 tentacled monstrosities
  A deep elf master archer (Elf:3)
  The ghost of gabibbone the Unseen, an adept AtBr of Uskayaw (Spider:2)
  3 quicksilver dragons
  A lich (Vaults:5)
  A titan (Vaults:5)
  3 sphinxes
  2 ancient champions
  A shadow dragon (Vaults:5)
  Agnes (Spider:1)
  4 storm dragons
  Kirke (Swamp:3)
  3 thorn hunters
  2 tengu reavers
  A fenstrider witch (Swamp:4)
  An iron dragon (Vaults:5)
  5 frost giants
  3 fire giants
  5 emperor scorpions (Spider:4)
  A deep elf sorcerer (Depths:3)
  3 vault wardens
  6 hydra zombies (Swamp:4)
  12 ironbound preservers
  18 very ugly things
  A ghost moth (Spider:4)
  2 curse skulls (Crypt:2)
  3 war gargoyles
  5 stone giants
  4 spriggan defenders (Depths:3)
  2 vampire knights
  3 deep elf demonologists
  4 eleionomae
  2 ironbound thunderhulks
  6 dire elephants
  A yellow draconian (Zot:1)
  3 bunyips
  3 spark wasps
  2 deep elf annihilators (Elf:3)
  4 ettins
  3 deep elf death magi
  2 crystal guardians (Vaults:3)
  A merfolk impaler (Depths:2)
  8 fire dragons
  2 eidola
  2 jiangshi
  2 yaktaur captains
  A deep elf high priest (Elf:3)
  Josephine (Spider:1)
  An entropy weaver (Spider:3)
  A peacekeeper (Vaults:4)
  A shambling mangrove (Swamp:4)
  15 hydras
  3 great orbs of eyes
  4 radroaches
  15 vault guards
  5 centaur warriors
  A rakshasa (Depths:1)
  The ghost of Ecaiwiergh the Ripper, a journeyman FeCK of Xom (Orc:2)
  5 ice dragons
  3 ironbound frosthearts
  6 ogre magi
  A jorogumo (Spider:4)
  6 alligators
  2 spriggan air magi
  3 ghost crabs
  4 deep troll earth magi
  A death scarab (Spider:2)
  A boulder beetle (Spider:2)
  10 two-headed ogres
  2 deep troll shamans
  4 tengu warriors
  6 death yaks
  A soul eater (Depths:2)
  8 hell knights
  A sun demon (Depths:2)
  An iron troll (Depths:3)
  A salamander mystic (Depths:2)
  2 sun moths
  A sixfirhy (Lair:5)
  A spectral ghost moth (Spider:2)
  6 pharaoh ants
  38 deep trolls
  A deep troll (shapeshifter) (Vaults:5)
  4 swamp dragons
  5 spriggan druids
  A goliath frog (Swamp:1)
  11 orb spiders
  A quicksilver dragon simulacrum (Depths:1)
  3 spectral hydras (Swamp:4)
  4 deep elf archers
  A lindwurm (Vaults:3)
  8 ironbound convokers
  6 phantasmal warriors (Vaults:5)
  A sphinx zombie (Crypt:2)
  6 steelbarb worms
  2 wizards
  3 bog bodies
  2 deep elf pyromancers
  4 necromancers
  2 deep elf zephyrmancers
  19 wolf spiders
  3 harpies (Vaults:1)
  2 orc knights
  A wolf spider (shapeshifter) (Vaults:5)
  2 orc sorcerers (Orc:2)
  2 oklob plants
  4 will-o-the-wisps
  2 cyclopes
  15 ugly things
  A manticore (D:14)
  3 moths of wrath (Zot:1)
  A cyclops (shapeshifter) (Vaults:5)
  A black mamba (Lair:1)
  5 salamanders
  A fire giant skeleton (Depths:1)
  A water nymph (shapeshifter) (Vaults:5)
  11 vault sentinels
  3 elephants
  A frost giant skeleton (Vaults:5)
  A cane toad (shapeshifter) (Vaults:5)
  2 torpor snails
  5 smoke demons
  A human zombie (Vaults:5)
  6 cane toads
  3 rime drakes (Lair:5)
  10 yaktaurs
  3 demonic crawlers
  An ice devil (Lair:5)
  A freezing wraith (Vaults:5)
  3 komodo dragons
  2 tengu conjurers
  A yaktaur skeleton (Vaults:3)
  4 trolls
  2 polar bears
  A queen bee (Spider:1)
  An iron troll skeleton (Crypt:2)
  A death drake zombie (Swamp:4)
  A red devil (Lair:5)
  2 meliai (Spider:1)
  2 burning bushes (Lair:5)
  6 tyrant leeches
  2 death drake skeletons (Swamp:4)
  19 tarantellas
  7 hornets
  A queen bee (shapeshifter) (Depths:3)
  A hydra skeleton (Swamp:4)
  11 slime creatures
  3 blink frogs
  14 culicivoras
  18 jumping spiders
  An ettin zombie (Depths:1)
  A spriggan skeleton (Depths:1)
  3 air elementals
  4 spriggans
  5 wraiths
  9 yaks
  8 water elementals
  A wyvern (Lair:4)
  7 humans (D:14)
  3 hogs (Swamp:3)
  38 redbacks
  2 basilisks
  A chaos spawn (Depths:3)
  13 vampire mosquitoes
  An elf skeleton (Vaults:3)
  A warg (Orc:2)
  A large abomination (Depths:3)
  12 swamp worms
  A naga (shapeshifter) (D:14)
  An acid dragon (D:13)
  2 hell hounds (Lair:5)
  8 water moccasins
  A floating eye (shapeshifter) (Vaults:5)
  3 hydra simulacra (Swamp:4)
  An ice beast (D:14)
  A swamp drake (Swamp:4)
  A swamp dragon zombie (Swamp:4)
  9 orc warriors
  15 ogres
  15 wolves
  4 centaurs
  A vampire mosquito zombie (Swamp:2)
  3 human skeletons
  A bullfrog (Lair:2)
  7 killer bees (Spider:1)
  A howler monkey (D:13)
  2 jellies (Lair:4)
  6 orc priests
  7 orc wizards (Orc:2)
  2 white imps (Lair:3)
  11 orcs
  6 briar patches
  A fungus (Lair:4)
  A plant (Lair:5)
816 creatures vanquished.

Vanquished Creatures (others)
  A juggernaut (Depths:4)
  2 golden dragons (Depths:1)
  A sphinx (Vaults:1)
  4 fire giants
  3 fenstrider witches
  An iron dragon (Vaults:2)
  A frost giant (Depths:2)
  A deep elf sorcerer (Vaults:1)
  A vault warden (Vaults:2)
  A spriggan defender (Depths:2)
  An orc warlord (Orc:2)
  2 ghost moths
  3 stone giants
  6 ironbound preservers
  A broodmother (Spider:4)
  2 eleionomae (Swamp:4)
  2 dire elephants
  A deep elf annihilator (Vaults:2)
  An ettin (Depths:3)
  2 very ugly thing zombies (Vaults:2)
  3 yaktaur captains
  A great orb of eyes (Vaults:2)
  A deep elf high priest (Vaults:2)
  4 hydras
  A rakshasa (Depths:1)
  2 fenstrider witch zombies (Swamp:4)
  An ogre mage (D:13)
  3 spriggan air magi
  2 ironbound frosthearts
  An anaconda (shapeshifter) (Depths:4)
  4 spriggan berserkers
  A deep troll shaman (Depths:4)
  An alligator (Swamp:1)
  2 death yaks
  3 boulder beetles
  A deep troll earth mage (D:15)
  2 spriggans (Swamp:4)
  2 bunyip zombies
  2 goliath frogs
  3 death drakes
  3 spark wasp zombies (Depths:2)
  2 spriggan riders
  A death drake (shapeshifter) (Vaults:2)
  An anaconda zombie (Depths:4)
  2 deep trolls
  A ghost moth zombie (Spider:4)
  2 swamp dragons
  4 ironbound convokers
  7 wolf spider zombies
  2 wizards
  2 goliath frog zombies
  10 ugly thing zombies
  An orc knight (D:13)
  2 draconian zombies (Zot:1)
  A wolf spider (shapeshifter) (D:15)
  A cyclops (D:13)
  An eleionoma zombie (Swamp:4)
  A manticore (shapeshifter) (Vaults:5)
  A frost giant zombie (Depths:2)
  6 jorogumo zombies
  2 sphinx zombies
  2 fire giant zombies (Vaults:5)
  3 stone giant zombies
  A dire elephant zombie (Vaults:1)
  A centaur zombie (Vaults:3)
  A vault sentinel (Vaults:2)
  2 black mambas (Lair:5)
  An unseen horror (D:15)
  A green draconian zombie (Zot:1)
  An unseen horror zombie (D:15)
  2 orb spider zombies (Spider:4)
  15 redback zombies
  2 swamp worm zombies
  A purple draconian zombie (Depths:4)
  2 komodo dragons (Lair:5)
  21 elf zombies
  3 hydra zombies
  2 yaktaurs
  2 iron troll zombies (Depths:3)
  A tengu conjurer (Depths:2)
  2 steelbarb worm zombies (Spider:4)
  2 demonic crawler zombies
  A bloated husk (Swamp:4)
  3 harpy zombies (Vaults:1)
  2 ettin zombies
  An ice dragon zombie (Depths:4)
  A hornet (Swamp:4)
  4 death drake zombies
  A moth of wrath zombie (Zot:1)
  A tarantella (Spider:4)
  6 tarantella zombies
  A dream sheep (Lair:5)
  A tyrant leech (Swamp:3)
  2 fire dragon zombies
  7 culicivora zombies
  6 jumping spider zombies
  45 human zombies
  4 slime creatures
  A radroach zombie (Spider:1)
  An alligator zombie (Swamp:4)
  A black mamba zombie (Lair:2)
  3 slime creature zombies
  A yak (Lair:5)
  14 spriggan zombies
  A redback (shapeshifter) (Vaults:5)
  4 wargs
  27 deep troll zombies
  A water nymph zombie (Vaults:5)
  4 tengu zombies
  7 two-headed ogre zombies
  An entropy weaver zombie (Spider:4)
  3 cane toad zombies
  A floating eye (Depths:3)
  A water moccasin (Lair:5)
  2 hornet zombies (Swamp:4)
  2 orc warriors (Orc:2)
  A manticore zombie (D:14)
  4 blink frog zombies (Lair:2)
  2 swamp drakes (Swamp:4)
  4 swamp dragon zombies (Swamp:4)
  2 ogres (Orc:2)
  A centaur (D:14)
  A dream sheep zombie (Lair:5)
  A torpor snail zombie (Lair:5)
  6 vampire mosquito zombies
  A rime drake zombie (Lair:5)
  11 yaktaur zombies
  3 salamander zombies (Depths:2)
  A bullfrog (Lair:5)
  3 water moccasin zombies (Lair:5)
  7 yak zombies
  2 warg zombies
  4 polar bear zombies
  A howler monkey (D:13)
  14 wolf zombies
  3 bullfrog zombies
  A boggart zombie (Vaults:5)
  14 ogre zombies
  A howler monkey zombie (D:13)
  4 swamp drake zombies (Swamp:4)
  A worm zombie (D:14)
  An adder zombie (D:14)
  A goblin (D:14)
  A goblin zombie (D:14)
  18 orc zombies
  A briar patch (Lair:4)
  15 foxfires
  42 fungi
  119 plants
  2 withered plants (Lair:4)
652 creatures vanquished.

Grand Total: 2943 creatures vanquished

Notes
Turn   | Place    | Note
-------+----------+-------------------------------------------
     0 | D:1      | Zgarb the Naga Venom Mage began the quest for the Orb.
     0 | D:1      | Reached XP level 1. HP: 15/15 MP: 3/3
   239 | D:1      | Reached XP level 2. HP: 22/22 MP: 0/5
   319 | D:1      | Learned a level 2 spell: Poisonous Vapours
   338 | D:1      | Reached skill level 5 in Poison Magic
   557 | D:1      | Reached skill level 1 in Fighting
   679 | D:1      | Reached XP level 3. HP: 31/31 MP: 3/6
   683 | D:1      | Learned a level 3 spell: Mephitic Cloud
  1275 | D:2      | Noticed Sigmund
  2361 | D:2      | Killed Sigmund
  2362 | D:2      | Reached XP level 4. HP: 23/45 MP: 0/7
  2362 | D:2      | Reached XP level 5. HP: 26/51 MP: 0/8
  2960 | D:3      | Reached skill level 5 in Fighting
  3185 | D:3      | Reached XP level 6. HP: 61/61 MP: 1/9
  3597 | D:4      | Found a staircase to the Ecumenical Temple.
  3607 | Temple   | Entered the Ecumenical Temple
  3676 | Temple   | Became a worshipper of Kikubaaqudgha
  4127 | D:4      | You fall into a shaft and drop 1 floor!
  4127 | D:5      | Entered Level 5 of the Dungeon
  4425 | D:4      | Reached * piety under Kikubaaqudgha
  4425 | D:4      | Received a gift from Kikubaaqudgha
  4638 | D:4      | Noticed Robin
  4644 | D:4      | Killed Robin
  5228 | D:4      | Found a stormy altar of Qazlal.
  5339 | D:5      | Reached XP level 7. HP: 30/67 MP: 10/10
  5573 | D:5      | Found a white marble altar of Elyvilon.
  5600 | D:5      | Noticed Eustachio
  5632 | D:5      | Reached skill level 1 in Air Magic
  5717 | D:5      | Found a hazy altar of Hepliaklqana.
  5740 | D:5      | Identified the ring of Walaux {Wiz SInv}
  5993 | D:5      | Killed Eustachio
  6222 | D:5      | Reached skill level 1 in Conjurations
  6651 | D:6      | Reached XP level 8. HP: 74/74 MP: 5/11
  6857 | D:6      | Found a glowing golden altar of the Shining One.
  6884 | D:6      | Found a shadowy altar of Dithmenos.
  7036 | D:6      | Found a radiant altar of Vehumet.
  7664 | D:7      | Learned a level 4 spell: Olgreb's Toxic Radiance
  8067 | D:7      | Reached skill level 5 in Stealth
  8145 | D:7      | Reached XP level 9. HP: 67/82 MP: 15/15
  8863 | D:7      | Found a blossoming altar of Fedhas.
  8963 | D:7      | Found an ornate altar of the Wu Jian Council.
  9031 | D:7      | Found a runed translucent door.
  9032 | D:7      | Noticed Crazy Yiuf
  9069 | D:7      | Learned a level 3 spell: Swiftness
  9125 | D:8      | Identified the +6 trident of the Hurting Madman {spect,
                  | rN+}
  9136 | D:8      | Noticed a troll
  9145 | D:8      | Killed a troll
  9567 | D:8      | Reached skill level 1 in Necromancy
  9730 | D:8      | Reached skill level 2 in Necromancy
  9743 | D:8      | Learned a level 3 spell: Vampiric Draining
  9811 | D:8      | Reached skill level 3 in Necromancy
 10082 | D:8      | Reached skill level 4 in Necromancy
 10124 | D:8      | Reached ** piety under Kikubaaqudgha
 10224 | D:8      | Reached XP level 10. HP: 81/91 MP: 16/16
 10262 | D:8      | Reached skill level 5 in Necromancy
 10565 | D:9      | Found a staircase to the Lair.
 10658 | D:9      | Reached skill level 6 in Necromancy
 11275 | D:9      | Reached skill level 7 in Necromancy
 11277 | D:9      | Noticed Prince Ribbit
 11284 | D:9      | Killed Prince Ribbit
 11423 | D:9      | Reached skill level 8 in Necromancy
 11631 | D:10     | Entered Level 10 of the Dungeon
 11715 | D:10     | Identified the +3 leather armour of Inaction {Int+2}
 11813 | D:10     | Found a staircase to the Orcish Mines.
 11987 | D:10     | Reached skill level 9 in Necromancy
 11998 | D:10     | Reached skill level 5 in Spellcasting
 12051 | D:10     | Found a burning altar of Makhleb.
 12051 | D:10     | Noticed a green death
 12054 | D:10     | Noticed an orange demon
 12227 | D:10     | Reached XP level 11. HP: 103/103 MP: 3/19
 12349 | D:10     | Reached *** piety under Kikubaaqudgha
 12349 | D:10     | Received a gift from Kikubaaqudgha
 12616 | D:10     | Learned a level 4 spell: Animate Dead
 12725 | Lair:1   | Entered Level 1 of the Lair of Beasts
 12783 | Lair:1   | Noticed an oklob plant
 12794 | Lair:1   | Reached skill level 10 in Necromancy
 12811 | Lair:1   | Noticed a boulder beetle
 12824 | Lair:1   | Killed a boulder beetle
 13029 | Lair:1   | Noticed Harold
 13429 | Lair:1   | Learned a level 5 spell: Borgnjor's Vile Clutch
 13577 | Lair:1   | Reached skill level 11 in Necromancy
 13614 | Lair:1   | Reached skill level 1 in Earth Magic
 13719 | Lair:1   | Noticed an oklob plant
 14008 | Lair:1   | Killed Harold
 14211 | Lair:2   | Reached XP level 12. HP: 61/110 MP: 18/24
 14214 | Lair:2   | Learned a level 2 spell: Sublimation of Blood
 14663 | Lair:2   | Found a runed translucent gate.
 14664 | Lair:2   | Found a runed translucent gate.
 14664 | Lair:2   | Found a runed translucent gate.
 14671 | Lair:2   | Noticed Quaruhoi's ghost (journeyman TrGl)
 14674 | Lair:2   | Identified the +1 ring mail of the Sailor {Rampage *Corrode
                  | MP+9 Dex+8}
 14936 | Lair:2   | Reached skill level 12 in Necromancy
 15225 | Lair:3   | Found a staircase to the Swamp.
 15253 | Lair:3   | Found a frozen archway.
 15256 | Lair:3   | Reached skill level 5 in Earth Magic
 15256 | Lair:3   | Reached **** piety under Kikubaaqudgha
 15270 | IceCv    | Entered an ice cave
 15610 | IceCv    | Identified the amulet "Hieseisu" {RegenMP rC+ Dex+4}
 15742 | IceCv    | Reached skill level 10 in Spellcasting
 15750 | IceCv    | Gained mutation: You can use your snake-like lower body to
                  | constrict enemies. [Naga growth]
 15750 | IceCv    | Reached XP level 13. HP: 115/117 MP: 4/27
 15843 | IceCv    | Reached ***** piety under Kikubaaqudgha
 15978 | IceCv    | Reached skill level 13 in Necromancy
 16359 | Lair:3   | Learned a level 6 spell: Death Channel
 16422 | Lair:3   | Found a hole to the Spider Nest.
 17182 | Lair:4   | Found a transporter.
 17267 | Lair:4   | Found a runed translucent door.
 17272 | Lair:4   | Noticed Piki's ghost (journeyman GrFE)
 17342 | Lair:4   | Found a staircase to the Slime Pits.
 17444 | Lair:4   | Found a transporter.
 17843 | Lair:4   | Killed Piki's ghost
 18069 | Lair:4   | Identified the +1 cloak of Poor Excuses {rF+ Will+ rCorr}
 18113 | Lair:5   | Entered Level 5 of the Lair of Beasts
 18150 | Lair:5   | Reached skill level 14 in Necromancy
 18208 | Lair:5   | Reached XP level 14. HP: 115/126 MP: 16/29
 18449 | Lair:5   | Reached skill level 15 in Necromancy
 18549 | Lair:5   | Reached skill level 1 in Evocations
 18696 | Lair:5   | Reached skill level 5 in Evocations
 18816 | Lair:5   | Found a burning altar of Makhleb.
 18847 | Lair:5   | Found a gateway to Hell.
 18855 | Lair:5   | Got the Collected Works on the Enthralling Caves
 19567 | Orc:1    | Entered Level 1 of the Orcish Mines
 19902 | Orc:1    | Reached skill level 5 in Dodging
 19993 | Orc:2    | Entered Level 2 of the Orcish Mines
 19993 | Orc:2    | Found a runed translucent gate.
 19994 | Orc:2    | Found a runed translucent gate.
 19995 | Orc:2    | Found a runed translucent gate.
 20048 | Orc:2    | Found a staircase to the Elven Halls.
 20102 | Orc:2    | Reached XP level 15. HP: 105/135 MP: 2/31
 20112 | Orc:2    | Found Ysagaasm's Book Boutique.
 20112 | Orc:2    | Found Peutwicy's Distillery.
 20113 | Orc:2    | Found Sijed's Jewellery Shoppe.
 20113 | Orc:2    | Found Oquxeiju's Distillery.
 20145 | Orc:2    | Found Oluteq's Armour Shoppe.
 20153 | Orc:2    | Noticed Saint Roka
 20171 | Orc:2    | Killed Saint Roka
 20172 | Orc:2    | Reached skill level 10 in Fighting
 20498 | Orc:2    | Learned a level 6 spell: Simulacrum
 20596 | Orc:2    | Noticed an orc warlord
 20608 | Orc:2    | Killed an orc warlord
 20632 | Orc:2    | Reached skill level 1 in Ice Magic
 20959 | Orc:2    | Noticed Ecaiwiergh's ghost (journeyman FeCK)
 21076 | Orc:2    | Killed Ecaiwiergh's ghost
 21088 | Orc:2    | Identified the ring "Ixtef" {rF++ Will+ Dex+2}
 21158 | Orc:2    | Bought the +0 robe of Xowoahis {Regen+ Str+4} for 241 gold
                  | pieces
 21628 | Orc:2    | Bought a potion of heal wounds for 75 gold pieces
 21639 | Orc:2    | Bought a potion of heal wounds for 70 gold pieces
 21640 | Orc:2    | Bought a potion of magic for 120 gold pieces
 21641 | Orc:2    | Bought a potion of haste for 140 gold pieces
 21641 | Orc:2    | Bought a potion of haste for 140 gold pieces
 22583 | D:12     | Found Nyrphaewk's Serpentskin Sales.
 23160 | D:13     | Found Nunnak's Self-Improvement Boutique.
 23879 | D:14     | Found an iron altar of Okawaru.
 24115 | D:14     | Found Xouh's Weapon Boutique.
 24175 | D:14     | Reached skill level 1 in Shields
 24441 | D:14     | Reached XP level 16. HP: 146/146 MP: 33/33
 24457 | D:14     | Reached skill level 5 in Ice Magic
 24458 | D:14     | Found a gate to the Vaults.
 24811 | Spider:1 | Entered Level 1 of the Spider Nest
 24811 | Spider:1 | Noticed Josephine
 24828 | Spider:1 | Killed Josephine
 24832 | Spider:1 | Reached skill level 16 in Necromancy
 24871 | Spider:1 | Noticed Agnes
 24880 | Spider:1 | Killed Agnes
 24971 | Spider:1 | Your ally Josephine died
 25009 | Spider:1 | Reached ****** piety under Kikubaaqudgha
 25016 | Spider:1 | Received a gift from Kikubaaqudgha
 25140 | Spider:1 | Identified the +10 short sword "Wofiabuts" {elec, rCorr
                  | Str+3 Stlth+}
 25406 | Spider:2 | Reached skill level 5 in Shields
 25485 | Spider:2 | You fall into a shaft and drop 1 floor!
 25616 | Spider:3 | HP: 6/131 [jumping spider (11)]
 26041 | Spider:3 | Reached XP level 17. HP: 153/153 MP: 23/34
 26047 | Spider:3 | Reached skill level 17 in Necromancy
 26732 | Spider:2 | Found a transporter.
 26734 | Spider:2 | Noticed gabibbone's ghost (adept AtBr)
 26740 | Spider:2 | Found a transporter.
 27186 | Spider:2 | Learned a level 4 spell: Dispel Undead
 27193 | Spider:2 | Reached skill level 18 in Necromancy
 27200 | Spider:2 | Killed gabibbone's ghost
 27286 | Spider:4 | Entered Level 4 of the Spider Nest
 27494 | Spider:4 | Identified the +6 flail "Ynicrov" {vorpal, +Blink rPois
                  | Int+3}
 27547 | Spider:4 | Identified the +4 long sword of Fate {flame, rC+ rN+ Str-3
                  | SInv}
 27642 | Spider:4 | Reached skill level 10 in Ice Magic
 27642 | Spider:4 | Reached XP level 18. HP: 93/165 MP: 5/35
 27719 | Spider:4 | Got a gossamer rune of Zot
 28104 | Swamp:1  | Entered Level 1 of the Swamp
 28104 | Swamp:1  | Noticed Mlioglotl
 28120 | Swamp:1  | Killed Mlioglotl
 29315 | Swamp:3  | Identified the +8 flail of Scorn {drain, SInv}
 29394 | Swamp:3  | Noticed Kirke
 29402 | Swamp:3  | Killed Kirke
 29404 | Swamp:3  | Reached skill level 19 in Necromancy
 29595 | Swamp:3  | Identified Roxanne's Reference Book on the Figure
 29595 | Swamp:3  | Noticed Roxanne
 29608 | Swamp:3  | Killed Roxanne
 29702 | Swamp:3  | Identified the +1 pair of gloves of Tenacity {rPois rF+
                  | rCorr}
 29731 | Swamp:3  | Identified the +1 pair of gloves of Ylaureof {Rampage rN+
                  | Int+2}
 30231 | Swamp:4  | Entered Level 4 of the Swamp
 30249 | Swamp:4  | Noticed a tentacled monstrosity
 30252 | Swamp:4  | Killed a tentacled monstrosity
 30339 | Swamp:4  | Noticed a tentacled monstrosity
 30353 | Swamp:4  | Noticed Mara
 30355 | Swamp:4  | Noticed Mara
 30360 | Swamp:4  | Killed a tentacled monstrosity
 30372 | Swamp:4  | Noticed Zgarb's illusion
 30375 | Swamp:4  | Reached XP level 19. HP: 55/182 MP: 11/36
 30375 | Swamp:4  | Killed Mara
 30379 | Swamp:4  | HP: 5/182 [constriction (17)]
 30635 | Swamp:4  | Reached skill level 20 in Necromancy
 30908 | Swamp:4  | Found a blossoming altar of Fedhas.
 30928 | Swamp:4  | Got a decaying rune of Zot
 30977 | Swamp:4  | Found a basalt altar of Yredelemnul.
 31383 | D:15     | Entered Level 15 of the Dungeon
 31790 | D:15     | Found a staircase to the Depths.
 32043 | Vaults:1 | Entered Level 1 of the Vaults
 32500 | Vaults:1 | Reached skill level 10 in Evocations
 33494 | Vaults:2 | Reached XP level 20. HP: 144/190 MP: 19/38
 33581 | Vaults:2 | Noticed Sojobo
 33594 | Vaults:2 | Killed Sojobo
 34047 | Vaults:2 | Reached skill level 15 in Spellcasting
 34105 | Vaults:2 | Noticed Zenata
 34447 | Vaults:2 | Killed Zenata
 35270 | Vaults:3 | Learned a level 7 spell: Haunt
 35370 | Vaults:3 | Reached skill level 1 in Summonings
 35370 | Vaults:3 | Reached skill level 21 in Necromancy
 35562 | Vaults:3 | Reached skill level 5 in Summonings
 35867 | Vaults:3 | Found a staircase to the Crypt.
 36518 | Vaults:3 | Reached XP level 21. HP: 132/198 MP: 3/40
 36584 | Vaults:3 | Found Dupode Mipug's Weapon Emporium.
 36818 | Vaults:3 | Reached skill level 10 in Summonings
 37932 | Vaults:4 | Got the Essays on Adjuration and the Coals
 38838 | Elf:1    | Entered Level 1 of the Elven Halls
 38936 | Elf:1    | Found Zingaluv's Overcharged Wands.
 39076 | Elf:1    | Found Harilime's Antique Weapon Shoppe.
 39136 | Elf:1    | Paralysed by an air elemental for 1 turns
 39244 | Elf:1    | Paralysed by an air elemental for 1 turns
 39247 | Elf:1    | Paralysed by an air elemental for 1 turns
 39910 | Elf:2    | Found Nyakhum's Antique Armour Shoppe.
 39982 | Elf:2    | Paralysed by an air elemental for 1 turns
 39987 | Elf:2    | Paralysed by an air elemental for 1 turns
 40002 | Elf:2    | Found Ruich's General Store.
 40010 | Elf:2    | Bought a phantom mirror for 600 gold pieces
 40061 | Elf:2    | Found Net Othy's Armour Emporium.
 40064 | Elf:2    | Bought the +1 helmet "Puegeten" {rElec Str+5 Int+3} for 644
                  | gold pieces
 40139 | Elf:2    | Reached XP level 22. HP: 205/206 MP: 41/41
 40212 | Elf:2    | Found a runed translucent gate.
 40212 | Elf:2    | Found a runed translucent gate.
 40212 | Elf:2    | Found a runed translucent gate.
 40347 | Elf:2    | Reached skill level 15 in Summonings
 40409 | Elf:2    | Found Cebeat's General Store.
 40457 | Elf:2    | Found Zixzemuim's Antique Weapon Shoppe.
 40701 | Elf:3    | Entered Level 3 of the Elven Halls
 40939 | Elf:3    | Found an ancient bone altar of Kikubaaqudgha.
 41245 | Elf:3    | Paralysed by an air elemental for 1 turns
 41757 | Elf:3    | Found Ziulapp's Assorted Antiques.
 41884 | Elf:3    | Identified the +5 hand axe "Worm" {antimagic, rN+}
 41887 | Elf:3    | Identified the +1 short sword "Osutzigiss" {vorpal, rPois
                  | rN+ rCorr Dex+2}
 41895 | Elf:3    | Got the Compendium of Doom
 41928 | Elf:3    | Identified the +1 falchion of the Pillar {vorpal, rCorr}
 41970 | Elf:3    | Identified the +9 storm dragon scales of the Powerful God
                  | {Harm rElec}
 41984 | Elf:3    | Got the Omnibus of Malediction and Accomplices
 41996 | Elf:3    | Identified the +2 robe "Weage" {Contam rC+ Int+5}
 42117 | Elf:3    | Learned a level 8 spell: Infestation
 42541 | Vaults:5 | Entered Level 5 of the Vaults
 42557 | Vaults:5 | Reached skill level 22 in Necromancy
 42621 | Vaults:5 | Identified the +4 hand axe of Innocence {freeze, Fly rC-
                  | Str+8}
 42622 | Vaults:5 | Reached XP level 23. HP: 105/213 MP: 22/43
 42670 | Vaults:5 | Noticed a golden dragon
 42678 | Vaults:5 | Killed a golden dragon
 43112 | Vaults:5 | Identified the +0 helmet "Hakh" {Harm rCorr Str-4 Int+5
                  | Stlth+}
 43205 | Vaults:5 | Identified the +8 long sword of Freezing Innocence {holy,
                  | *Corrode rF+ rC+}
 43254 | Vaults:5 | Noticed a golden dragon
 43262 | Vaults:5 | Killed a golden dragon
 43456 | Vaults:5 | Identified the +0 pair of boots of Defence {rPois rCorr}
 43494 | Vaults:5 | Got Enio's Folio of Shocking Glaciation
 43701 | Vaults:5 | Got the Handbook of Metamorphic Calefaction
 43760 | Vaults:5 | Reached skill level 15 in Evocations
 43854 | Vaults:5 | Reached skill level 23 in Necromancy
 44130 | Vaults:5 | Identified the +6 plate armour "Goem" {SInv}
 44280 | Vaults:5 | Identified the ring "Femp" {rElec MP+9 Dex+3}
 44372 | Vaults:5 | Got a silver rune of Zot
 44405 | Vaults:5 | Upgraded the game from 0.30-a0-250-g41c1d76940 to
                  | 0.30-a0-263-ge22c4ad894
 44562 | Crypt:1  | Entered Level 1 of the Crypt
 45545 | Crypt:1  | Found a huge runed translucent gate.
 45545 | Crypt:1  | Found a huge runed translucent gate.
 45546 | Crypt:1  | Found a huge runed translucent gate.
 45546 | Crypt:1  | Found a huge runed translucent gate.
 45546 | Crypt:1  | Found a huge runed translucent gate.
 45547 | Crypt:1  | Found a huge runed translucent gate.
 45548 | Crypt:1  | Found a huge runed translucent gate.
 45550 | Crypt:1  | Found a huge runed translucent gate.
 45550 | Crypt:1  | Found a huge runed translucent gate.
 46269 | Crypt:2  | Reached skill level 15 in Fighting
 46284 | Crypt:2  | Reached XP level 24. HP: 189/225 MP: 26/44
 46371 | Crypt:2  | Found a transporter.
 46375 | Crypt:2  | Noticed Hagriufa's ghost (veteran VSSu)
 46378 | Crypt:2  | Found a transporter.
 47157 | Crypt:2  | Killed Hagriufa's ghost
 47167 | Crypt:2  | Reached skill level 10 in Dodging
 47332 | Crypt:3  | Entered Level 3 of the Crypt
 48135 | Crypt:3  | Identified the ring "Suphounu" {rC+ rN+ Dex+2}
 48137 | Crypt:3  | Identified the ring "Demuw" {Fly rPois rN+ Slay+2}
 48226 | Crypt:3  | Noticed a royal mummy
 48232 | Crypt:3  | Killed a royal mummy
 49062 | Crypt:3  | Found a staircase to the Tomb.
 49747 | Depths:1 | Entered Level 1 of the Depths
 49783 | Depths:1 | Found Xone's Antique Weapon Emporium.
 49820 | Depths:1 | Reached skill level 1 in Staves
 49891 | Depths:1 | Noticed Aizul
 49899 | Depths:1 | Killed Aizul
 50075 | Depths:1 | Found Yrphyudira's Assorted Antiques.
 50081 | Depths:1 | Reached XP level 25. HP: 223/241 MP: 44/44
 50242 | Depths:1 | Found Jiseonue's General Store.
 50252 | Depths:1 | Bought a scroll of enchant armour for 135 gold pieces
 50491 | Depths:1 | Found an ornate altar of the Wu Jian Council.
 50583 | Depths:1 | Found a glowing golden altar of the Shining One.
 51198 | Depths:2 | Identified the +2 rapier of the Owl {elec, Stlth+}
 51199 | Depths:2 | Identified the +2 chain mail "Iptaekou" {Drain +Blink MP+9
                  | Int+3}
 51345 | Depths:2 | Reached skill level 5 in Staves
 51508 | Depths:2 | Found a one-way gate leading to the halls of Pandemonium.
 51541 | Depths:2 | You fall into a shaft and drop 2 floors!
 51541 | Depths:4 | Entered Level 4 of the Depths
 51610 | Depths:4 | Found a one-way gate to the infinite horrors of the Abyss.
 52013 | Depths:3 | Reached skill level 24 in Necromancy
 52018 | Depths:3 | Noticed a juggernaut
 52018 | Depths:3 | Noticed the Enchantress
 52022 | Depths:3 | Killed the Enchantress
 52024 | Depths:3 | Killed a juggernaut
 52526 | Depths:3 | Reached XP level 26. HP: 249/249 MP: 17/44
 52878 | Depths:3 | Noticed an ancient lich
 52887 | Depths:3 | Killed an ancient lich
 52995 | Depths:3 | Got Uleyxt's Incunabulum of the Bear
 53040 | Depths:3 | Identified the +6 short sword "Xexzaulo" {distort, Str+4}
 53446 | Depths:4 | Noticed Vv
 53470 | Depths:4 | Killed Vv
 53567 | Depths:4 | Found a gate to the Realm of Zot.
 53697 | Depths:4 | Found a runed translucent door.
 53699 | Depths:4 | Noticed Cejosky's ghost (adept DjIE)
 53706 | Depths:4 | Reached skill level 10 in Staves
 53972 | Depths:4 | Found a one-way gateway to a ziggurat.
 54265 | Depths:4 | Noticed a juggernaut
 54274 | Depths:4 | Killed a juggernaut
 54385 | Depths:4 | Killed Cejosky's ghost
 54438 | Zot:1    | Entered Level 1 of the Realm of Zot
 54439 | Zot:1    | Upgraded the game from 0.30-a0-263-ge22c4ad894 to
                  | 0.30-a0-269-gf0224bf7b6
 54442 | Zot:1    | Reached skill level 25 in Necromancy
 54786 | Zot:1    | Upgraded the game from 0.30-a0-269-gf0224bf7b6 to
                  | 0.30-a0-292-g0f741e3f8e
 54795 | Zot:1    | HP: 9/249 [yellow draconian annihilator/glob of acid (33)]
 54795 | Zot:1    | Killed from afar by a yellow draconian annihilator

Illustrated notes

Levels and vault maps discovered:
D:1:      kilobyte_arrival_exit_the_forest, layout_basic,
          grunt_decor_resistance, st_stairs_14, minmay_misc_feat_tower
D:2:      layout_basic, serial_forest, infiniplex_forest_straight_4,
          infiniplex_forest_lined_corner, infiniplex_forest_clump_long,
          infiniplex_forest_corner_1, infiniplex_forest_lined_room_,
          infiniplex_forest_end_2, uniq_sigmund
D:3:      layout_loops_ring
D:4:      layout_basic, mainiacjoe_overflow_alcove_2,
          minmay_temple_entry_steel_oval, solitary_fountain, grunt_ministairs_9,
          minmay_crystal_water, uniq_robin
D:5:      layout_loops_ring, mainiacjoe_overflow_swirl, uniq_eustachio
D:6:      layout_loops_ring, nicolae_vehumet_altar_sigil,
          grunt_temple_overflow_open, hex_tiny
D:7:      layout_loops_corners, kennysheep_mini, fedhas_altar_fruit_tree,
          uniq_crazy_yiuf_cottage
D:8:      layout_loops_ring, chequers_serial_rivers_small_a
D:9:      layout_cave_pods, dpeg_oklobed_lair, uniq_prince_ribbit1
D:10:     layout_gridville, makhleb_altar_promises_db, orc_0_dummy,
          minmay_misc_feat_five
D:11:     layout_loops_ring
D:12:     layout_irregular_city, guppyfry_shop_venom
D:13:     layout_long_grid, minmay_misc_feat_x, nicolae_shop_self_help
D:14:     layout_basic, grunt_vaults_entry_tiered, serial_shops, shop_fountains,
          nicolae_titane, okawaru_trees_2
D:15:     grunt_enter_depths_hoard, layout_gridville, small_statue_alley_a
Temple:   nicolae_temple_bog_church
Lair:1:   minmay_lair_oklob_tunnel, layout_chaotic_city,
          chequers_serial_rivers_micro_c, uniq_harold
Lair:2:   layout_cave_pods, gammafunk_ghost_split
Lair:3:   layout_cave_pods, swamp_mist, nicolae_spider_entry_orb_guardian,
          portal_ice_cave_entry_imps, grunt_megastairs_3,
          infiniplex_staircase_pool_2
Lair:4:   gammafunk_worm_tunnel, layout_misc_corridors,
          minmay_slime_entry_pillars, gammafunk_ghost_grave
Lair:5:   evil_forest, layout_concentric_octagons, evilmike_ambush
          [evilmike_ambush_outer_basic, evilmike_ambush_inner_cross]
Swamp:1:  layout_basic_swamp, nicolae_swamp_tree_isthmus, uniq_mlioglotl
Swamp:2:  layout_basic_swamp, evilmike_swamp_ruin_house_3, swamp_pool3,
          st_swamp_mini
Swamp:3:  dpeg_oklob_gauntlet, layout_basic_swamp,
          nicolae_swamp_orc_logging_accident, uniq_roxanne, uniq_kirke
Swamp:4:  byrel_swamp_growth_death_and_undeath, layout_basic_swamp, uniq_mara
Spider:1: layout_spider_delve, nicolae_looking_at_the_future, uniq_josephine,
          uniq_agnes
Spider:2: layout_spider_delve, gammafunk_ghost_mausoleum,
          nicolae_spider_baby_got_redback
Spider:3: layout_chambers, nicolae_orb_stairs
Spider:4: grunt_spider_rune_circles
Orc:1:    layout_caves, serial_shops
Orc:2:    st_orc_ogre_mass, layout_caves, maelrawn_ghost_gauntlet_escape,
          serial_shops, nicolae_shop_stone, uniq_saint_roka
Elf:1:    layout_loops_cross, serial_shops, nicolae_shop_hallway_plus,
          serial_glass, glass_columns_a, glass_columns_a,
          hangedman_elf_disciples, corexii_checkpoint_b, hex_medium,
          minmay_misc_feat_ornament, st_stairs_11,
          nicolae_shop_overcharged_wands
Elf:2:    elven_hall_of_blades_hangedman_original [mumra_blade_entry_dagger],
          layout_loops_corners, serial_shops, nicolae_shop_waterfront, shop,
          nicolae_shop_hallway_stairs, nicolae_shop_behind_doors,
          nicolae_shop_behind_doors
Elf:3:    minmay_elf_hall_x, layout_loops_corners, serial_shops,
          nicolae_lakefront_shop, basic_altar
Vaults:1: vaults_mumra_hex, nicolae_vaults_little_squares_3,
          nicolae_vaults_little_squares_6, nicolae_vaults_quartermaster,
          nicolae_vaults_rhombus_6, v_misc_25, nicolae_vaults_little_squares_6,
          nicolae_vaults_network_square, v_misc_9,
          nicolae_vaults_little_squares_4, nicolae_vaults_angled_halls,
          nicolae_vaults_sealed_display, nicolae_vaults_yaktaur_gun_rack,
          vaults_mumra_lcd, v_misc_3, vaults_room_pools, layout_vaults_omnibox
Vaults:2: st_lattice, v_misc_14, nicolae_vaults_asterisk, v_alt_pattern_5,
          grunt_vaults_bifocal, v_misc_10, grunt_vaults_twisty,
          vaults_dpeg_diagonal, layout_vaults_omnigrid, uniq_zenata, uniq_sojobo
Vaults:3: nicolae_vaults_network_barrier, nicolae_vaults_big_ls,
          nicolae_vaults_ninety_degrees, ontoclasm_vaults_tryst,
          hangedman_vaults_pinch, vaults_room_boxed,
          minmay_crypt_entry_simple_box, nicolae_vaults_stairing_the_circle,
          nicolae_vaults_specimen_jars, nicolae_vaults_gold_heap,
          vaults_dpeg_emergency_exit, ontoclasm_vaults_fault,
          ontoclasm_vaults_twist, layout_vaults_omnicross, serial_shops,
          nicolae_shop_bloodbath_and_beyond
Vaults:4: grunt_vaults_hallway_short, vaults_room_grid,
          nicolae_vaults_statue_guard, ontoclasm_vaults_hangar,
          vaults_dpeg_cross, hangedman_vaults_nodes, nicolae_vaults_rhombus_6,
          vaults_dpeg_ring, vaults_room_stairs_pillars,
          hangedman_vaults_stretched_pinwheel, v_rooms_1,
          nicolae_vaults_what_the_h, vaults_room_pool, vaults_room_door_hall,
          v_misc_26, layout_vaults_ring
Vaults:5
Crypt:1:  cheibrodos_crypt_3hun_7po, layout_misc_corridors, columned_hall_lemuel
Crypt:2:  layout_chaotic_city, nzn_ghost_randoct
Crypt:3:  due_elkab, layout_chaotic_city, nicolae_tomb_entry_rubble_hallway,
          ebering_dispersal_statue_hall
Depths:1: layout_cave_shapes, grunt_mini_vestibule, serial_shops,
          nicolae_lakefront_shop, kennysheep_mini_moat, shop_fountains,
          tso_altar, chequers_serial_rivers_micro_d, nrook_mini_backslash,
          nzn_wu_jian_council_hall, kennysheep_random_hallway,
          serial_bayou_shore_a, serial_bayou_shore_b, uniq_aizul
Depths:2: kennysheep_water_balloons, layout_cross, hellmouth_3,
          rand_demon_pan_entry_3
Depths:3: minmay_heptahexagon, layout_cave_pools, special_room
          [special_room_magic_class], wad_floor_pattern_2,
          grunt_hell_entry_dis_old, minmay_room_of_horrors,
          infiniplex_staircase_pool_lava, serial_bayou_shore_b, uniq_enchantress
Depths:4: evilmike_zot_entry_basic, layout_gridlike, ziggurat_fallback,
          ebering_ghost_inner_flame, chequers_serial_rivers_large_b,
          hangedman_geh_valley, abyss_entry_crystal, minivault_16, uniq_vv
Zot:1:    layout_basic, st_stairs_5, guppyfry_library_mini, uniq_josephina

Skill      XL: |  1  2  3  4  5  6  7  8  9 10 11 12 13 14 15 16 17 18 19 20 21 22 23 24 25 26 |
---------------+-------------------------------------------------------------------------------+-----
Poison Magic   | 5 8 |  8.0
Fighting       | 1 4 5 6 8 9 10 11 14 15 17 | 17.0
Dodging        | 3 4 5 7 8 9 11 12 | 12.0
Air Magic      | 4 |  4.0
Conjurations   | 2 4 |  4.0
Spellcasting   | 4 5 8 10 11 12 13 14 15 16 17 | 17.3
Stealth        | 5 8 |  8.0
Necromancy     | 4 9 11 12 14 15 16 18 19 20 21 22 23 24 25 | 25.0
Earth Magic    | 2 6 8 |  8.0
Evocations     | 6 10 12 15 | 15.0
Ice Magic      | 4 8 10 | 10.0
Shields        | 1 6 8 |  8.0
Summonings     | 8 14 15 17 18 | 18.3
Staves         | 3 8 11 | 11.3
Transmutations | |  1.0

Action                   |  1- 3 |  4- 6 |  7- 9 | 10-12 | 13-15 | 16-18 | 19-21 | 22-24 | 25-27 || total
-------------------------+-------+-------+-------+-------+-------+-------+-------+-------+-------++-------
Melee: Dagger            |    46 |   125 |   203 |       |       |       |       |       |       ||   374
       Punch             |       |     4 |     2 |     3 |     3 |       |       |       |       ||    12
       Falchion          |       |       |    55 |       |       |       |       |       |       ||    55
       Whip              |       |       |    54 |       |       |       |       |       |       ||    54
       Trident           |       |       |     7 |   232 |   329 |   225 |       |       |       ||   793
       Constrict         |       |       |       |       |    73 |    43 |    24 |    18 |    14 ||   172
       Flail             |       |       |       |       |       |     9 |   257 |   133 |       ||   399
       Staff             |       |       |       |       |       |       |       |    43 |   245 ||   288
Throw: Dart              |       |       |       |     1 |       |       |       |       |       ||     1
 Cast: Sting             |    35 |     5 |    12 |       |       |       |       |       |       ||    52
       Poisonous Vapours |    22 |    59 |    62 |    20 |       |     1 |       |       |       ||   164
       Mephitic Cloud    |       |       |     2 |       |     4 |       |       |       |       ||     6
       Olgreb's Toxic Ra |       |       |       |    47 |    58 |    31 |     2 |     2 |       ||   140
       Animate Dead      |       |       |       |     5 |    10 |    12 |    14 |     6 |    10 ||    57
       Vampiric Draining |       |       |       |     2 |     2 |     2 |     5 |     7 |       ||    18
       Borgnjor's Vile C |       |       |       |    13 |    67 |    94 |   304 |   429 |   214 ||  1121
       Death Channel     |       |       |       |       |    19 |    32 |    33 |    16 |    21 ||   121
       Sublimation of Bl |       |       |       |       |     3 |     5 |     1 |     7 |    10 ||    26
       Simulacrum        |       |       |       |       |     2 |    11 |     3 |     4 |     3 ||    23
       Dispel Undead     |       |       |       |       |       |     4 |    16 |   100 |    10 ||   130
       Haunt             |       |       |       |       |       |       |     4 |    18 |     5 ||    27
       Infestation       |       |       |       |       |       |       |       |     1 |       ||     1
       Swiftness         |       |       |       |       |       |       |       |     1 |       ||     1
Invok: Unearth Wretches  |       |       |       |       |    17 |    17 |    19 |     5 |     3 ||    61
       Receive Forbidden |       |       |       |       |       |     1 |       |       |       ||     1
 Abil: Spit Poison       |     1 |     3 |     4 |     1 |     1 |       |       |       |       ||    10
       Evoke Blink       |       |       |       |       |       |       |     2 |     2 |       ||     4
Evoke: Wand              |       |       |     2 |       |     1 |     4 |     3 |     1 |     4 ||    15
       Condenser vane    |       |       |       |       |       |     1 |     2 |       |     2 ||     5
       Phantom mirror    |       |       |       |       |       |       |       |     1 |       ||     1
  Use: Potion            |     1 |     2 |     1 |       |     5 |     3 |     2 |     6 |     2 ||    22
       Scroll            |       |     8 |     2 |     8 |     8 |     9 |     5 |     6 |     3 ||    49
 Stab: Sleeping          |       |     2 |     1 |     6 |    11 |     4 |     9 |     4 |     5 ||    42
       Confused          |       |       |     2 |       |       |       |       |       |       ||     2
       Paralysed         |       |       |     1 |       |     2 |       |     2 |       |       ||     5
       Distracted        |       |       |       |     3 |    14 |    11 |     7 |     9 |    10 ||    54
       Petrified         |       |       |       |       |       |       |       |       |     2 ||     2
       Petrifying        |       |       |       |       |       |       |       |       |     1 ||     1
Armor: Robe              |    10 |    44 |    18 |    41 |   146 |   163 |   232 |   230 |   133 ||  1017
       Leather armour    |       |       |   151 |    99 |       |       |       |       |       ||   250
Dodge: Dodged            |    24 |    36 |   151 |    98 |   159 |   130 |   243 |   223 |   135 ||  1199
Block: Kite shield       |       |       |       |       |    17 |   167 |   265 |   270 |   161 ||   880

Table legend: (Time is in decaauts)
 A = Elapsed time spent in this place.
 B = Non-inter-level travel time spent in this place.
 C = Inter-level travel time spent in this place.
 D = Time resting spent in this place.
 E = Time spent auto-exploring this place.
 F = Levels seen in this place.
 G = Mean time per level.
                   A        B        C        D        E       F      G
               +--------+--------+--------+--------+--------+-----+--------+
         Total |  70041 |  64051 |   5990 |    813 |  45140 |  48 | 1459.2 |
       Dungeon |  21450 |  19527 |   1923 |     77 |  15662 |  15 | 1430.0 |
        Temple |    248 |    248 |      0 |      0 |    221 |   1 |  248.0 |
          Lair |   7883 |   6989 |    894 |      0 |   5337 |   5 | 1576.6 |
         Swamp |   4174 |   3720 |    454 |    214 |   1988 |   4 | 1043.5 |
   Spider Nest |   4512 |   4029 |    483 |      0 |   2460 |   4 | 1128.0 |
  Orcish Mines |   2360 |   2132 |    228 |     85 |   1383 |   2 | 1180.0 |
   Elven Halls |   4373 |   4127 |    246 |      0 |   3099 |   3 | 1457.7 |
        Vaults |  11329 |  10134 |   1195 |    218 |   6760 |   5 | 2265.8 |
         Crypt |   5936 |   5633 |    303 |     68 |   3964 |   3 | 1978.7 |
        Depths |   6034 |   5774 |    260 |    151 |   3358 |   4 | 1508.5 |
           Zot |    432 |    432 |      0 |      0 |    129 |   1 |  432.0 |
      Ice Cave |   1305 |   1305 |      0 |      0 |    775 |   1 | 1305.0 |
               +--------+--------+--------+--------+--------+-----+--------+

Top non-repeatable levels by time:
Vaults:3: 2772 daAuts
 Crypt:3: 2503 daAuts
Vaults:2: 2480 daAuts
Vaults:5: 2085 daAuts
Vaults:4: 2044 daAuts
  Lair:1: 2009 daAuts
     D:7: 1977 daAuts
     D:4: 1947 daAuts
Vaults:1: 1946 daAuts
   Elf:3: 1921 daAuts
 Crypt:1: 1812 daAuts
   Orc:2: 1766 daAuts
     D:9: 1729 daAuts
    D:10: 1727 daAuts
Spider:3: 1701 daAuts
